 Dungeon Crawl Stone Soup version 0.21.1-1-g345015f (webtiles) character file.

154 Mgcat the Chopper (level 5, 0/43 HPs)
             Began as a Formicid Gladiator on Mar 11, 2018.
             Slain by a killer bee zombie (2 damage)
             ... on level 4 of the Dungeon.
             The game lasted 00:03:43 (1042 turns).

Mgcat the Chopper (Formicid Gladiator)              Turns: 1042, Time: 00:03:44

Health: 0/43       AC:  8    Str: 23    XL:     5   Next: 62%
Magic:  5/5        EV:  9    Int:  8    God:
Gold:   47         SH:  0    Dex: 12    Spells: 4/4 levels left

rFire    . . .     SeeInvis +   g - +1 dagger "Jeahouca" {drain, +Rage rPois Str+4 Stlth-} (curse)
rCold    . . .     Gourm    .   (no shield)
rNeg     . . .     Faith    .   e - +0 chain mail
rPois    +         Spirit   .   (helmet unavailable)
rElec    .         Reflect  .   (no cloak)
rCorr    +         Harm     .   (no gloves)
MR       .....                  (no boots)
Stlth    ..........             (no amulet)
HPRegen  0.14/turn              h - ring of resist corrosion
MPRegen  0.09/turn              (no ring)

@: no status effects
A: permanent stasis, dig shafts and tunnels, four strong arms, antennae 3
a: Dig, Shaft Self


You were on level 4 of the Dungeon.
You were not hungry.

You visited 1 branch of the dungeon, and saw 4 of its levels.

You collected 47 gold pieces.

Inventory:

Hand Weapons
 a - a +0 war axe
 g - the cursed +1 dagger "Jeahouca" (weapon) {drain, +Rage rPois Str+4 Stlth-}
   (You found it on level 4 of the Dungeon)

   A truly terrible weapon, it drains the life of those it strikes.
   It affects your strength (+4).
   It protects you from poison.
   It lets you go berserk.
   It makes you less stealthy.
   It has a curse placed upon it.
Missiles
 c - a throwing net (quivered) {=f, !d}
Armour
 b - a +0 leather armour
 e - a +0 chain mail (worn)
   (You found it on level 2 of the Dungeon)
Jewellery
 h - a ring of resist corrosion (left hand)
   (You found it on level 2 of the Dungeon)
Scrolls
 f - a scroll of blinking {!r}
 j - 2 scrolls of identify
Comestibles
 d - 2 rations
 i - 5 chunks of flesh {@w0}


   Skills:
 + Level 4.4 Fighting
 + Level 4.6 Axes
 - Level 2.0 Throwing
 - Level 2.6 Dodging


You had 4 spell levels left.
You didn't know any spells.

Dungeon Overview and Level Annotations

Branches:
Dungeon (4/15)
 Temple: D:4-7

Altars:


Innate Abilities, Weirdness & Mutations

You cannot be hasted, slowed, berserked, paralysed or teleported.
You can dig through walls and to a lower floor.
Your four strong arms can wield two-handed weapons with a shield.
You have a pair of large antennae on your head. (SInv)


Message History

You now have 47 gold pieces (gained 6).
You sense a monster nearby.
Found a stone staircase leading down.
The killer bee zombie barely misses you.
The killer bee zombie closely misses you.
Your chain mail prevents you from hitting the killer bee zombie.
The killer bee zombie barely misses you.
You hit the killer bee zombie.
The killer bee zombie is lightly damaged.
The killer bee zombie closely misses you.
The killer bee zombie barely misses you.
You closely miss the killer bee zombie.
The killer bee zombie is lightly damaged.
The killer bee zombie hits you but does no damage.
The killer bee zombie hits you.
Your chain mail prevents you from hitting the killer bee zombie.
The killer bee zombie is lightly damaged.
The killer bee zombie hits you but does no damage.
The killer bee zombie hits you.
You are too injured to fight recklessly!
You are too injured to fight recklessly!
You are too injured to fight recklessly!
You are too injured to fight recklessly!
You closely miss the killer bee zombie.
The killer bee zombie is lightly damaged.
The killer bee zombie barely misses you.
The killer bee zombie misses you.
You hit the killer bee zombie.
The killer bee zombie is lightly damaged.
The killer bee zombie hits you but does no damage.
You hit the killer bee zombie.
The killer bee zombie is moderately damaged.
The killer bee zombie hits you but does no damage.
The killer bee zombie barely misses you.
Your chain mail prevents you from hitting the killer bee zombie.
The killer bee zombie is moderately damaged.
The killer bee zombie barely misses you.
The killer bee zombie hits you but does no damage.
You hit the killer bee zombie.
The killer bee zombie is heavily damaged.
The killer bee zombie hits you. x2
You hit the killer bee zombie.
The killer bee zombie is heavily damaged.
The killer bee zombie hits you but does no damage.
The killer bee zombie closely misses you.
You barely miss the killer bee zombie.
The killer bee zombie is heavily damaged.
The killer bee zombie hits you but does no damage.
You hit the killer bee zombie.
The killer bee zombie is severely damaged.
The killer bee zombie hits you but does no damage.
The killer bee zombie barely misses you.
You miss the killer bee zombie.
The killer bee zombie is severely damaged.
The killer bee zombie hits you.
The killer bee zombie barely misses you.
You hit the killer bee zombie.
The killer bee zombie is severely damaged.
The killer bee zombie hits you but does no damage.
The killer bee zombie closely misses you.
Your chain mail prevents you from hitting the killer bee zombie.
The killer bee zombie is severely damaged.
The killer bee zombie hits you but does no damage.
The killer bee zombie hits you.
You barely miss the killer bee zombie.
The killer bee zombie is severely damaged.
The killer bee zombie hits you but does no damage.
You barely miss the killer bee zombie.
The killer bee zombie is severely damaged.
The killer bee zombie hits you but does no damage. x2
You closely miss the killer bee zombie.
The killer bee zombie is severely damaged.
The killer bee zombie closely misses you.
The killer bee zombie hits you.
You barely miss the killer bee zombie.
The killer bee zombie is severely damaged.
The killer bee zombie hits you.
The killer bee zombie hits you but does no damage.
You hit the killer bee zombie.
The killer bee zombie is severely damaged.
The killer bee zombie hits you but does no damage.
The killer bee zombie misses you.
You hit the killer bee zombie.
The killer bee zombie is severely damaged.
The killer bee zombie hits you.
* * * LOW HITPOINT WARNING * * *
You hit the killer bee zombie.
The killer bee zombie is almost destroyed.
The killer bee zombie completely misses you.
The killer bee zombie hits you.
* * * LOW HITPOINT WARNING * * *
You hit the killer bee zombie but do no damage.
The killer bee zombie is almost destroyed.
The killer bee zombie barely misses you.
The killer bee zombie hits you.
* * * LOW HITPOINT WARNING * * *
You closely miss the killer bee zombie.
The killer bee zombie is almost destroyed.
The killer bee zombie hits you.
You die...

.....# .# .....## #.#
......###### [.
...........#### .#
.....#####....####.#
.....# ####......#####
.....# #####......#
...<.# ########.####...
.....#####>.....@.!#
...#(#...#.....Z........
####.(<..#.........#####
##....#.........#
#..).#......(.<#
#.......##§≈≈≈≈#
#....##...≈###≈#
##...#####≈# #≈. #...#
#≈#


You could see a killer bee zombie.

Vanquished Creatures
  A centaur (D:4)
  2 worker ants
  An adder (D:3)
  An ooze (D:2)
  A leopard gecko (D:3)
  An orc (D:3)
  2 goblins (D:2)
  4 jackals
  2 frilled lizards (D:2)
  A kobold (D:2)
  A rat (D:2)
17 creatures vanquished.

Vanquished Creatures (others)
  4 fungi (D:4)
4 creatures vanquished.

Grand Total: 21 creatures vanquished

Notes
Turn   | Place    | Note
-------+----------+-------------------------------------------
     0 | D:1      | Mgcat the Formicid Gladiator began the quest for the Orb.
     0 | D:1      | Reached XP level 1. HP: 16/16 MP: 1/1
     3 | D:1      | You fall through a shaft!
   181 | D:2      | Reached XP level 2. HP: 23/23 MP: 2/2
   199 | D:2      | Reached skill level 3 in Fighting
   199 | D:2      | Reached XP level 3. HP: 25/29 MP: 3/3
   366 | D:4      | Noticed a centaur
   384 | D:3      | Reached XP level 4. HP: 10/35 MP: 4/4
   384 | D:3      | HP: 8/35 [worker ant (1)]
   389 | D:3      | HP: 7/52 [poisoned by an adder]
   394 | D:3      | HP: 3/52 [worker ant (4)]
   396 | D:3      | Reached skill level 4 in Axes
   399 | D:3      | HP: 3/55 [poisoned by an adder]
   638 | D:3      | HP: 6/37 [orc/club (4)]
   645 | D:4      | HP: 2/37 [centaur/arrow (5)]
   879 | D:4      | Killed a centaur
   879 | D:4      | Reached skill level 4 in Fighting
   879 | D:4      | Reached XP level 5. HP: 19/43 MP: 5/5
   884 | D:4      | Got a transparent dagger
   885 | D:4      | Identified the cursed +1 dagger "Jeahouca" {drain, +Rage rPois Str+4 Stlth-} (You found it on level 4 of the Dungeon)
  1039 | D:4      | HP: 9/43 [killer bee zombie (5)]
  1041 | D:4      | HP: 2/43 [killer bee zombie (6)]
  1042 | D:4      | Slain by a killer bee zombie

Skill      XL: |  1  2  3  4 |
---------------+-------------+-----
Fighting       | 3 4 |  4.4
Axes           | 4 |  4.6
Throwing       | |  2.0
Dodging        | |  2.6

Action                   |  1- 3 |  4- 6 || total
-------------------------+-------+-------++-------
Melee: War axe           |    60 |    23 ||    83
       Dagger            |       |    24 ||    24
Throw: Throwing net      |       |     3 ||     3
 Abil: Shaft Self        |     1 |       ||     1
  Use: Scroll            |       |     2 ||     2
       Potion            |       |     1 ||     1
  Eat: Chunk             |       |     1 ||     1
Armor: Chain mail        |    38 |    23 ||    61
       Skin              |       |    14 ||    14
Dodge: Dodged            |    33 |    24 ||    57

Vault maps used:
D:1:      lightli_arrival_chessboard
D:2:      wad_crossroads, okawaru_trees_2, nicolae_overflow_crystal_walls,
          hangedman_feature_mirror, kennysheep_slug_shrine
D:3:      first_ration, minmay_liquid_box, uniq_natasha
D:4:      old_forge, kennysheep_mini_moat, cheibrodos_ashenzari_chains

Table legend:
 A = Turns spent in this place as a percentage of turns spent in the entire game.
 B = Non-inter-level travel turns spent in this place as a percentage of non-inter-level travel turns spent in the entire game.
 C = Inter-level travel turns spent in this place as a percentage of turns spent in this place.
 D = Turns resting spent in this place as a percentage of non-inter-level travel turns spent in this place.
 E = Turns spent auto-exploring this place as a percentage of non-inter-level travel turns spent in this place.
 F = Non-inter-level travel turns spent in this place divided by the number of levels of this place that you've seen.
                   A       B       C       D       E      F
               +-------+-------+-------+-------+-------+----------------------
         Total | 100.0 | 100.0 |   1.4 |  39.8 |  30.8 | 256.8
       Dungeon | 100.0 | 100.0 |   1.4 |  39.8 |  30.8 | 256.8
               +-------+-------+-------+-------+-------+----------------------

Table legend:
 A = Kills in this place as a percentage of kills in entire the game.
 B = Kills by you in this place as a percentage of kills by you in the entire game.
 C = Kills by friends in this place as a percentage of kills by friends in the entire game.
 D = Other kills in this place as a percentage of other kills in the entire game.
 E = Experience gained in this place as a percentage of experience gained in the entire game.
 F = Experience gained in this place divided by the number of levels of this place that you have seen.
                   A       B       C       D       E      F
               +-------+-------+-------+-------+-------+----------------------
         Total | 100.0 | 100.0 |   N/A |   N/A | 100.0 |  55.0
       Dungeon | 100.0 | 100.0 |   N/A |   N/A | 100.0 |  55.0
               +-------+-------+-------+-------+-------+----------------------
